 Dungeon Crawl Stone Soup version 0.21.0-3-g78d12a8 (webtiles) character file.

6728 KeeTraxx the Magician (level 11, -1/84 HPs)
             Began as a Gnoll Skald on Jan 9, 2018.
             Was a Priest of Okawaru.
             Slain by Gastronok (38 damage)
             ... on level 10 of the Dungeon on Jan 10, 2018.
             The game lasted 00:21:54 (7178 turns).

KeeTraxx the Magician (Gnoll Skald)                 Turns: 7178, Time: 00:21:55

Health: -1/84      AC: 12    Str: 13    XL:     11   Next: 4%
Magic:  22/22      EV: 17    Int: 18    God:    Okawaru [***...]
Gold:   512        SH:  0    Dex: 16    Spells: 9/25 levels left

rFire    . . .     SeeInvis .   f - +4 quarterstaff (chaos)
rCold    + . .     Gourm    +   (shield currently unavailable)
rNeg     . . .     Faith    .   G - +2 leather armour {rC+}
rPois    .         Spirit   .   (no helmet)
rElec    .         Reflect  .   i - +2 cloak
rCorr    .         Harm     .   J - +0 pair of gloves
MR       +....                  (no boots)
Stlth    +++.......             s - amulet of the gourmand
HPRegen  0.24/turn              g - ring of protection from magic
MPRegen  0.18/turn              B - +2 ring of protection

@: no status effects
A: distributed training, fangs 1, strong nose
a: Heroism, Renounce Religion


You were on level 10 of the Dungeon.
You worshipped Okawaru.
Okawaru was most pleased with you.
You were very full.

You visited 2 branches of the dungeon, and saw 11 of its levels.

You collected 512 gold pieces.

Inventory:

Hand Weapons
 a - a +0 spear
 f - a +4 quarterstaff of chaos (weapon)
 l - a +1 whip of venom
 m - a +0 hunting sling
 N - a +0 dagger of electrocution
Missiles
 R - a throwing net (quivered)
Armour
 i - a +2 cloak (worn)
 G - a +2 leather armour of cold resistance (worn)
 J - a +0 pair of gloves (worn)
 S - +0 shadow dragon scales
 T - a +3 leather armour
Jewellery
 g - a ring of protection from magic (left hand)
 s - an amulet of the gourmand (around neck)
 B - a +2 ring of protection (right hand)
 I - a +2 ring of intelligence
 U - an uncursed ring of resist corrosion {unknown}
Wands
 b - a wand of disintegration (4)
 j - a wand of random effects (42)
 w - a wand of paralysis (10)
 A - a wand of acid (7)
 V - a wand of scattershot (5)
Scrolls
 e - 3 scrolls of teleportation {unknown}
 h - 5 scrolls of identify
 k - a scroll of noise {unknown}
 t - a scroll of immolation {unknown}
 v - 2 scrolls of remove curse {unknown}
 x - a scroll of amnesia {unknown}
 z - a scroll of random uselessness {unknown}
 F - a scroll of blinking {unknown}
 H - 2 scrolls of enchant armour {unknown}
 K - a scroll of vulnerability {unknown}
 L - 2 scrolls of magic mapping {unknown}
 P - a scroll of enchant weapon {unknown}
Potions
 n - a potion of mutation
 o - 4 potions of curing
 r - 3 potions of flight
 u - 3 potions of berserk rage
 C - a potion of ambrosia
 D - a potion of heal wounds
 E - 3 potions of cancellation
 M - a potion of lignification
 O - 2 potions of brilliance
 Q - a potion of agility
Books
 c - a book of Battle

   Spells                             Type                      Level
   a - Infusion                       Charms                       1
   b - Shroud of Golubria             Charms/Translocation         2
   c - Song of Slaying                Charms                       2
   d - Spectral Weapon                Hexes/Charms                 3
   e - Regeneration                   Charms/Necromancy            3
 p - a book of Geomancy

   Spells                             Type                      Level
   a - Sandblast                      Earth                        1
   b - Passwall                       Transmutation/Earth          2
   c - Stone Arrow                    Conjuration/Earth            3
   d - Petrify                        Transmutation/Earth          4
   e - Lee's Rapid Deconstruction     Earth                        5
 q - a book of Conjurations

   Spells                             Type                      Level
   a - Magic Dart                     Conjuration                  1
   b - Searing Ray                    Conjuration                  2
   c - Dazzling Spray                 Conjuration/Hexes            3
   d - Fulminant Prism                Conjuration/Hexes            4
   e - Force Lance                    Conjuration/Translocation    4
   f - Iskenderun's Mystic Blast      Conjuration                  4
 y - a book of Cantrips

   Spells                             Type                      Level
   a - Confusing Touch                Hexes                        1
   b - Animate Skeleton               Necromancy                   1
   c - Summon Small Mammal            Summoning                    1
   d - Apportation                    Translocation                1
Comestibles
 d - 21 rations


   Skills:
 + Level 7.4 Fighting
 + Level 5.7 Short Blades
 + Level 5.7 Long Blades
 + Level 5.7 Axes
 + Level 5.7 Maces & Flails
 + Level 7.4 Polearms
 + Level 5.7 Staves
 + Level 5.7 Slings
 + Level 5.7 Bows
 + Level 5.7 Crossbows
 + Level 5.7 Throwing
 + Level 6.3 Armour
 + Level 7.4 Dodging
 + Level 5.7 Stealth
 + Level 5.7 Shields
 + Level 5.7 Unarmed Combat
 + Level 7.7 Spellcasting
 + Level 4.7 Conjurations
 + Level 4.7 Hexes
 + Level 7.3 Charms
 + Level 4.7 Summonings
 + Level 4.7 Necromancy
 + Level 4.7 Translocations
 + Level 4.7 Transmutations
 + Level 4.7 Fire Magic
 + Level 4.7 Ice Magic
 + Level 4.7 Air Magic
 + Level 4.7 Earth Magic
 + Level 4.7 Poison Magic
 + Level 6.3 Invocations
 + Level 5.7 Evocations


You had 9 spell levels left.
You knew the following spells:

 Your Spells              Type           Power        Failure   Level  Hunger
a - Infusion              Chrm           ####         1%          1    None
b - Regeneration          Chrm/Necr      ####......   3%          3    #......
c - Spectral Weapon       Hex/Chrm       ####....     3%          3    #......
d - Apportation           Tloc           ###...       1%          1    None
e - Animate Skeleton      Necr           N/A          1%          1    None
f - Passwall              Tmut/Erth      ###.......   2%          2    None
g - Lee's Rapid Deconstr  Erth           ###.......   43%         5    #####..


Dungeon Overview and Level Annotations

Branches:
Dungeon (10/15)            Temple (1/1) D:5
   Lair: D:8-11         Orc: D:9-12

Altars:
Ashenzari
Cheibriados
Dithmenos
Elyvilon
Fedhas
Gozag
Hepliaklqana
Kikubaaqudgha
Makhleb
Nemelex Xobeh
Okawaru
Qazlal
Ru
Sif Muna
Trog
Uskayaw
Vehumet
Wu Jian
Xom
Yredelemnul
Zin
The Shining One

Shops:
D:4 =

Annotations:
D:10 Gastronok


Innate Abilities, Weirdness & Mutations

Your experience applies equally to all skills.
You have very sharp teeth.
Your uncanny sense of smell can sniff out nearby items.


Message History

You bite Gastronok, but do no damage.
Gastronok is lightly wounded.
Your spectral weapon hits Gastronok!
Gastronok's magic leaks into the air.
Gastronok bites you!!
Unknown command.
You sock Gastronok!
Gastronok seems to speed up.
Gastronok is moderately wounded.
Your spectral weapon hits Gastronok!
Gastronok looks as sick as possible!
Unknown command.
You sock Gastronok!
Gastronok is moderately wounded.
Your spectral weapon hits Gastronok!
Gastronok is moving more slowly.
Gastronok bites your spectral weapon!!
Your spectral weapon shares its damage with you!
Your spectral weapon fades away.
Gastronok gurgles horribly!
You hit Gastronok.
Gastronok is moderately wounded.
Gastronok bites you!!!
You die...

##.####.#..#...##.#(#..#..#(....
#.# #.#........................
#.# #..#.##..##...........#####
#.. ...#.##..##...#<.#.#### #.#
#.#.#.##..##...##.#.#
#.#.#.##............## #
..................#
............####.##
.../....@...####.#
#..##.###w.......# ∆#.
#...###### #...# #...# #...#
#.... #...## ..w.#


You could see Gastronok (berserk).

Vanquished Creatures
  The ghost of Ignatius881 the Cleaver, a novice MiBe of Trog (D:7)
  A two-headed ogre (D:9)
  Pikel (D:5)
  A rime drake (D:5)
  A tengu conjurer (D:10)
  A hornet (D:10)
  Prince Ribbit (D:5)
  3 hippogriffs
  Eustachio (D:4)
  The ghost of dscm the Grave Robber, an amateur GnNe (D:4)
  2 hungry ghosts (D:9)
  Edmund (D:5)
  A water moccasin (D:9)
  3 orc warriors
  2 ice beasts
  2 black bears
  A phantom (D:5)
  2 ogres
  3 sky beasts
  3 centaurs
  Blork the orc (D:4)
  A water moccasin zombie (D:8)
  2 scorpions (D:4)
  A water moccasin skeleton (D:7)
  3 killer bees (D:8)
  3 wights (D:10)
  A howler monkey (D:7)
  A bullfrog zombie (D:8)
  5 crimson imps
  A gnoll shaman (D:8)
  8 hounds
  A quasit (D:7)
  Crazy Yiuf (D:2)
  An orc priest (D:7)
  A centaur skeleton (D:7)
  Ijyb (D:3)
  5 orc wizards
  4 worker ants
  4 gnolls (D:8)
  7 adders
  A howler monkey skeleton (D:7)
  2 shadow imps
  2 oozes
  An adder zombie (D:8)
  2 worms (D:2)
  2 dart slugs
  5 leopard geckos
  15 orcs
  5 bats
  5 giant cockroaches
  9 hobgoblins
  11 jackals
  7 kobolds
  5 quokkas
  A ball python (D:4)
  A ball python skeleton (D:4)
  2 frilled lizards
  10 goblins
  A jackal skeleton (D:4)
  A leopard gecko skeleton (D:10)
  4 rats
176 creatures vanquished.

Vanquished Creatures (collateral kills)
  A sky beast (D:8)
  2 killer bees (D:8)
  A worker ant (D:8)
  A gnoll (D:8)
5 creatures vanquished.

Vanquished Creatures (others)
  An ogre (D:5)
  2 slaves (D:5)
  An adder (D:5)
  3 spectral weapons
7 creatures vanquished.

Grand Total: 188 creatures vanquished

Notes
Turn   | Place    | Note
-------+----------+-------------------------------------------
     0 | D:1      | KeeTraxx the Gnoll Skald began the quest for the Orb.
     0 | D:1      | Reached XP level 1. HP: 20/20 MP: 6/6
    36 | D:1      | Reached XP level 2. HP: 26/26 MP: 0/7
   677 | D:1      | Reached XP level 3. HP: 21/31 MP: 9/9
   682 | D:1      | Learned a level 3 spell: Regeneration
   686 | D:1      | Learned a level 3 spell: Spectral Weapon
   748 | D:2      | Reached skill level 5 in Spellcasting
   815 | D:2      | Found a deep blue altar of Sif Muna.
   865 | D:2      | Reached skill level 1 in Invocations
  1006 | D:2      | Reached skill level 1 in Short Blades
  1006 | D:2      | Reached skill level 1 in Long Blades
  1006 | D:2      | Reached skill level 1 in Axes
  1006 | D:2      | Reached skill level 1 in Maces & Flails
  1006 | D:2      | Reached skill level 1 in Staves
  1006 | D:2      | Reached skill level 1 in Slings
  1006 | D:2      | Reached skill level 1 in Bows
  1006 | D:2      | Reached skill level 1 in Crossbows
  1006 | D:2      | Reached skill level 1 in Throwing
  1006 | D:2      | Reached skill level 1 in Stealth
  1006 | D:2      | Reached skill level 1 in Shields
  1006 | D:2      | Reached skill level 1 in Unarmed Combat
  1006 | D:2      | Reached skill level 1 in Evocations
  1006 | D:2      | Reached XP level 4. HP: 33/38 MP: 4/11
  1087 | D:2      | Found a runed door.
  1355 | D:2      | Found a glowing golden altar of the Shining One.
  1428 | D:2      | Noticed Crazy Yiuf
  1441 | D:2      | Killed Crazy Yiuf
  1441 | D:2      | Reached skill level 1 in Conjurations
  1441 | D:2      | Reached skill level 1 in Hexes
  1441 | D:2      | Reached skill level 1 in Summonings
  1441 | D:2      | Reached skill level 1 in Necromancy
  1441 | D:2      | Reached skill level 1 in Translocations
  1441 | D:2      | Reached skill level 1 in Transmutations
  1441 | D:2      | Reached skill level 1 in Fire Magic
  1441 | D:2      | Reached skill level 1 in Ice Magic
  1441 | D:2      | Reached skill level 1 in Air Magic
  1441 | D:2      | Reached skill level 1 in Earth Magic
  1441 | D:2      | Reached skill level 1 in Poison Magic
  1441 | D:2      | Reached XP level 5. HP: 43/43 MP: 5/12
  1530 | D:3      | Noticed Ijyb
  1536 | D:3      | Killed Ijyb
  1727 | D:3      | Found an opulent altar of Gozag.
  1728 | D:3      | Found a shattered altar of Ashenzari.
  1928 | D:3      | Found a snail-covered altar of Cheibriados.
  2340 | D:4      | Noticed Eustachio
  2349 | D:4      | Killed Eustachio
  2349 | D:4      | Reached skill level 5 in Fighting
  2349 | D:4      | Reached skill level 5 in Polearms
  2349 | D:4      | Reached skill level 5 in Dodging
  2349 | D:4      | Reached XP level 6. HP: 51/51 MP: 10/14
  2422 | D:4      | Noticed dscm's ghost (amateur GnNe)
  2433 | D:4      | Killed dscm's ghost
  2433 | D:4      | Reached XP level 7. HP: 51/56 MP: 10/15
  2466 | D:4      | Found Kadwil's Jewellery Shop.
  2563 | D:4      | Noticed Blork the orc
  2574 | D:4      | Killed Blork the orc
  2670 | D:4      | Learned a level 1 spell: Apportation
  2672 | D:4      | Learned a level 1 spell: Animate Skeleton
  2679 | D:4      | Found a white marble altar of Elyvilon.
  2851 | D:5      | Entered Level 5 of the Dungeon
  2898 | D:5      | Noticed Prince Ribbit
  2905 | D:5      | Killed Prince Ribbit
  2905 | D:5      | Reached XP level 8. HP: 36/63 MP: 9/16
  2960 | D:5      | Found a staircase to the Ecumenical Temple.
  3007 | Temple   | Entered the Ecumenical Temple
  3213 | D:5      | Noticed Pikel
  3237 | D:5      | Killed Pikel
  3247 | D:5      | Found an ornate altar of the Wu Jian Council.
  3249 | D:5      | Noticed a rime drake
  3249 | D:5      | an ogre changed into a rime drake
  3253 | D:5      | Killed a rime drake
  3361 | D:5      | Found a shimmering altar of Xom.
  3361 | D:5      | Found a glowing golden altar of the Shining One.
  3362 | D:5      | Found a basalt altar of Yredelemnul.
  3450 | D:5      | Reached XP level 9. HP: 69/69 MP: 12/18
  3540 | D:5      | Noticed Edmund
  3554 | D:5      | Killed Edmund
  3932 | D:6      | Found a deep blue altar of Sif Muna.
  4191 | D:6      | Reached skill level 5 in Armour
  4617 | D:7      | Found an iron altar of Okawaru.
  4624 | D:7      | Became a worshipper of Warmaster Okawaru
  4636 | D:7      | Reached skill level 5 in Invocations
  4653 | D:7      | Noticed Ignatius881's ghost (novice MiBe)
  4667 | D:7      | Killed Ignatius881's ghost
  4667 | D:7      | Reached * piety under Okawaru
  4667 | D:7      | Reached XP level 10. HP: 52/77 MP: 7/20
  5175 | D:8      | Reached skill level 5 in Short Blades
  5175 | D:8      | Reached skill level 5 in Long Blades
  5175 | D:8      | Reached skill level 5 in Axes
  5175 | D:8      | Reached skill level 5 in Maces & Flails
  5175 | D:8      | Reached skill level 5 in Staves
  5175 | D:8      | Reached skill level 5 in Slings
  5175 | D:8      | Reached skill level 5 in Bows
  5175 | D:8      | Reached skill level 5 in Crossbows
  5175 | D:8      | Reached skill level 5 in Throwing
  5175 | D:8      | Reached skill level 5 in Stealth
  5175 | D:8      | Reached skill level 5 in Shields
  5175 | D:8      | Reached skill level 5 in Unarmed Combat
  5175 | D:8      | Reached skill level 5 in Evocations
  5368 | D:8      | Reached ** piety under Okawaru
  5404 | D:8      | Learned a level 2 spell: Passwall
  5410 | D:8      | Learned a level 5 spell: Lee's Rapid Deconstruction
  5571 | D:8      | Found a stormy altar of Qazlal.
  6061 | D:9      | Found a hazy altar of Hepliaklqana.
  6262 | D:9      | Found a sparkling altar of Nemelex Xobeh.
  6322 | D:9      | Noticed a two-headed ogre
  6332 | D:9      | Killed a two-headed ogre
  6482 | D:9      | Found a white marble altar of Elyvilon.
  6749 | D:10     | Entered Level 10 of the Dungeon
  6842 | D:10     | Reached *** piety under Okawaru
  7064 | D:10     | Reached XP level 11. HP: 76/84 MP: 15/22
  7154 | D:10     | Noticed Gastronok
  7178 | D:10     | Slain by Gastronok

Skill      XL: |  1  2  3  4  5  6  7  8  9 10 |
---------------+-------------------------------+-----
Spellcasting   | 5 6 7 |  7.7
Invocations    | 1 2 3 4 5 6 |  6.3
Short Blades   | 1 2 3 4 5 |  5.7
Long Blades    | 1 2 3 4 5 |  5.7
Axes           | 1 2 3 4 5 |  5.7
Maces & Flails | 1 2 3 4 5 |  5.7
Staves         | 1 2 3 4 5 |  5.7
Slings         | 1 2 3 4 5 |  5.7
Bows           | 1 2 3 4 5 |  5.7
Crossbows      | 1 2 3 4 5 |  5.7
Throwing       | 1 2 3 4 5 |  5.7
Stealth        | 1 2 3 4 5 |  5.7
Shields        | 1 2 3 4 5 |  5.7
Unarmed Combat | 1 2 3 4 5 |  5.7
Evocations     | 1 2 3 4 5 |  5.7
Conjurations   | 1 2 3 4 |  4.7
Hexes          | 1 2 3 4 |  4.7
Summonings     | 1 2 3 4 |  4.7
Necromancy     | 1 2 3 4 |  4.7
Translocations | 1 2 3 4 |  4.7
Transmutations | 1 2 3 4 |  4.7
Fire Magic     | 1 2 3 4 |  4.7
Ice Magic      | 1 2 3 4 |  4.7
Air Magic      | 1 2 3 4 |  4.7
Earth Magic    | 1 2 3 4 |  4.7
Poison Magic   | 1 2 3 4 |  4.7
Armour         | 3 4 5 6 |  6.3
Fighting       | 5 6 7 |  7.4
Polearms       | 5 6 7 |  7.4
Dodging        | 5 6 7 |  7.4
Charms         | 6 7 |  7.3

Action                   |  1- 3 |  4- 6 |  7- 9 | 10-12 || total
-------------------------+-------+-------+-------+-------++-------
Melee: Spear             |    74 |       |       |       ||    74
       Bite              |     6 |     4 |    15 |    32 ||    57
       Whip              |    19 |    26 |       |       ||    45
       Quarterstaff      |       |    36 |   132 |    53 ||   221
       Dagger            |       |       |       |   188 ||   188
       Punch             |       |       |       |     5 ||     5
 Cast: Infusion          |     1 |     1 |    10 |     2 ||    14
       Spectral Weapon   |     5 |    16 |    24 |    32 ||    77
       Regeneration      |     4 |       |     9 |     9 ||    22
       Animate Skeleton  |       |       |    12 |    15 ||    27
  Use: Potion            |     2 |       |       |       ||     2
       Scroll            |       |       |       |     9 ||     9
 Stab: Distracted        |     1 |     1 |     1 |     2 ||     5
       Sleeping          |       |       |     2 |     2 ||     4
       Petrifying        |       |       |     1 |       ||     1
       Paralysed         |       |       |     1 |       ||     1
  Eat: Chunk             |     1 |    18 |     9 |    16 ||    44
Armor: Leather armour    |    13 |     8 |    28 |    80 ||   129
       Robe              |       |       |     9 |       ||     9
Dodge: Dodged            |    57 |    28 |    85 |   185 ||   355
